 Dungeon Crawl Stone Soup version 0.29.0-4-gdea44cf6ec (webtiles) character file.

Game seed: 5539112615354267800

6113 qw the Grappler (level 10, -7/98 HPs)
             Began as a Troll Cinder Acolyte on Aug 30, 2022.
             Was an Elder of Ignis.
             Mangled by a sixfirhy (9 damage)
             ... on level 9 of the Dungeon.
             The game lasted 00:03:56 (6829 turns).

qw the Grappler (Troll Cinder Acolyte)              Turns: 6829, Time: 00:03:57

Health: -7/98      AC: 13    Str: 28    XL:     10   Next: 58%
Magic:  10/10      EV:  9    Int: 10    God:    Ignis [****..]
Gold:   275        SH:  0    Dex:  9    Spells: 11/11 levels left

rFire   + . .      SeeInvis +     - Unarmed
rCold   . . .      Faith    .   (no shield)
rNeg    . . .      Spirit   .   k - +0 troll leather armour
rPois   .          Reflect  .   (helmet restricted)
rElec   .          Harm     .   (no cloak)
rCorr   .          Rampage  .   (gloves unavailable)
Will    +....                   (boots unavailable)
Stlth   +.........              d - amulet of regeneration
HPRegen 2.66/turn               q - +6 ring of dexterity
MPRegen 0.12/turn               i - ring of see invisible

@: fiery-armoured
A: large, unfitting armour, claws 3, regeneration 1, shaggy fur 1, tough skin 1,
clumsy 1, strong-willed 1
a: Renounce Religion, Fiery Armour, Foxfire Swarm, Rising Flame


You were on level 9 of the Dungeon.
You worshipped Ignis.
Ignis was greatly pleased with you.
You visited 1 branch of the dungeon, and saw 9 of its levels.

You collected 386 gold pieces.
You spent 111 gold pieces at shops.


Innate Abilities, Weirdness & Mutations

You are too large for most types of armour.
You have claws for hands.
Your natural rate of healing is unusually fast.
You are covered in fur. (AC +1)
You have tough skin. (AC +1)
You are clumsy. (Dex -2)
You are strong-willed. (Will+)


   Skills:
 + Level 5.8 Fighting
 - Level 3.1 Throwing
 - Level 1.7 Armour
 - Level 2.0 Dodging
 - Level 14.0 Unarmed Combat
 - Level 1.0 Spellcasting
 - Level 2.1 Fire Magic


You had 11 spell levels left.
You didn't know any spells.
Your spell library contained the following spells:

 Spells                   Type           Power      Damage    Failure   Level
 Scorch                   Fire           8%         2d5       24%         2

Inventory:

Missiles
 l - a javelin (quivered)
 p - 9 boomerangs
Armour
 k - a +0 troll leather armour (worn)
Jewellery
 d - an amulet of regeneration (around neck)
 e - a +4 ring of evasion
 g - a +4 ring of slaying {mikee}
 i - a ring of see invisible (right claw)
 m - a ring of protection from fire
 q - a +6 ring of dexterity (left claw)
Scrolls
 c - 3 scrolls of identify
 f - 2 scrolls of teleportation
Potions
 b - 2 potions of might
 h - a potion of curing
 n - 3 potions of heal wounds
 r - a potion of haste

Dungeon Overview and Level Annotations

Branches:
Dungeon (9/15)             Temple (0/1) D:5
   Lair: D:8-11         Orc: D:9-12

Altars:
Nemelex Xobeh
Okawaru
Ru
Sif Muna
Uskayaw
Vehumet
Xom
Zin

Shops:
D:4 [


Message History

l - 2 javelins (gained 1);
c - 3 scrolls of identify (gained 1)
Things that are here:
a +0 club; a +0 ring mail; an orc corpse You open the door.
There is an open door here.
Found a club.
You see here a +0 club.
A sixfirhy, 2 gnolls and an electric eel come into view.
The gnoll shouts!
You hear a shout! x2
The gnoll moves out of view.
The electric eel moves out of view.
Enter note:
6822 ||| Stepping ~*~*~tactically~*~*~ (hiding).
Throw: 2 javelins
Press: ? - help, Q - select action, (/) - cycle Shift-Dir - straight line, f - sixfirhy You throw a javelin.
The javelin closely misses the sixfirhy.
6824 ||| Stepping ~*~*~tactically~*~*~ (hiding).
The sixfirhy barely misses you.
You barely miss the sixfirhy. You miss the sixfirhy.
Your claw misses the sixfirhy.
An orc wizard comes into view. It is wielding a +0 dagger of venom.
The orc wizard shouts!
You claw the sixfirhy! Your claw misses the sixfirhy.
The sixfirhy is moderately wounded.
The sixfirhy hits you. The sixfirhy shocks you! The sixfirhy hits you.
The sixfirhy shocks you!
You closely miss the sixfirhy.
The sixfirhy is lightly wounded.
The sixfirhy hits you. The sixfirhy shocks you! The sixfirhy hits you!
The sixfirhy shocks you! The sixfirhy hits you! The sixfirhy shocks you!
6829 ||| INVOKING Fiery Armour.
A protective cloak of flame settles atop you.
The sixfirhy hits you. The sixfirhy shocks you!
The sixfirhy is burned by your cloak of flames.
The sixfirhy is moderately wounded.
The sixfirhy hits you. The sixfirhy shocks you!
The sixfirhy is burned by your cloak of flames.
The sixfirhy is moderately wounded.
The sixfirhy hits you!
You die...

~~..#(# g..#.#######
.g#o....... .g........
......... #...P....
#g.....P. #3.......
#@....... #......PP
#......P. #......P.
##########......P. '
#....)............ .#
#.#######.#######. ..#
#.##..)......).# ....
#..'.....)####.##.....


You could see a sixfirhy, an orc wizard and 2 gnolls.

Vanquished Creatures
  A hellwing (D:9)
  2 trolls
  Grinder (D:3)
  Sigmund (D:6)
  5 yaks (D:8)
  2 humans (D:9)
  2 wyverns
  Menkaure (D:7)
  3 orc warriors
  A sky beast (D:6)
  3 ogres
  2 centaurs
  A phantom (D:7)
  3 kobold brigands
  9 bullfrogs
  3 scorpions
  6 wights
  7 killer bees (D:9)
  4 howler monkeys
  A lava snake (D:7)
  3 hounds
  2 jellies
  5 orc priests
  3 iguanas
  13 orc wizards
  Natasha (thrice) (D:4)
  14 gnolls
  5 adders
  A white imp (D:7)
  An ufetubus (D:4)
  A worm (D:2)
  A dart slug (D:2)
  27 orcs
  8 ball pythons
  5 endoplasms
  3 giant cockroaches
  8 goblins
  13 hobgoblins
  21 kobolds
  6 quokkas
  3 bats
  5 frilled lizards
  2 rats (D:1)
211 creatures vanquished.

Vanquished Creatures (others)
  4 demonic plants (D:9)
  20 fungi (D:9)
24 creatures vanquished.

Grand Total: 235 creatures vanquished

Notes
Turn   | Place    | Note
-------+----------+-------------------------------------------
     0 | D:1      | qw the Troll Cinder Acolyte began the quest for the Orb.
     0 | D:1      | Reached XP level 1. HP: 22/22 MP: 1/1
     0 | D:1      | 0 ||| qw: Version: 0.1-a-95-gae9e614
     0 | D:1      | 0 ||| qw: Game counter: 4411
     0 | D:1      | 0 ||| qw: Always use a shield: true
     0 | D:1      | 0 ||| qw: God list: Okawaru
     0 | D:1      | 0 ||| qw: Allow faded altars: false
     0 | D:1      | 0 ||| qw: Do Orc after D:15 true
     0 | D:1      | 0 ||| qw: Do second Lair branch before Depths: true
     0 | D:1      | 0 ||| qw: Lair rune preference: random
     0 | D:1      | 0 ||| qw: Plans: Normal
     0 | D:1      | 0 ||| PLANNING D:1-11
   245 | D:1      | Reached XP level 2. HP: 29/29 MP: 2/2
   592 | D:1      | 592 ||| Stepping ~*~*~tactically~*~*~ (stealth).
   598 | D:1      | Reached skill level 4 in Unarmed Combat
   968 | D:1      | Reached XP level 3. HP: 36/36 MP: 3/3
  1033 | D:1      | 1033 ||| DROPPING scarf of invisibility.
  1034 | D:1      | 1034 ||| UPGRADING to amulet of regeneration.
  1039 | D:1      | 1039 ||| UPGRADING to +4 ring of slaying {mikee}.
  1040 | D:1      | 1040 ||| UPGRADING to ring of see invisible.
  1041 | D:1      | 1041 ||| READING scroll labelled OVYLOAPOIN.
  1042 | D:1      | 1042 ||| DRINKING 2 red potions.
  1042 | D:1      | Gained mutation: You are clumsy. (Dex -2) [potion of
                  | mutation]
  1042 | D:1      | Gained mutation: You are very clumsy. (Dex -4) [potion of
                  | mutation]
  1042 | D:1      | Gained mutation: You have hidden genetic defects. [potion
                  | of mutation]
  1043 | D:1      | 1043 ||| DRINKING 2 white potions.
  1429 | D:2      | Gained mutation: You are weak. (Str -2) [hidden defects]
  1790 | D:2      | Gained mutation: Armour fits poorly on your strangely
                  | shaped body. [hidden defects]
  1790 | D:2      | Lost mutation: You have hidden genetic defects. [hidden
                  | defects expressed]
  1799 | D:2      | 1799 ||| DRINKING potion of mutation.
  1799 | D:2      | Lost mutation: You are weak. (Str -2) [potion of mutation]
  1799 | D:2      | Lost mutation: Armour fits poorly on your strangely shaped
                  | body. [potion of mutation]
  1799 | D:2      | Lost mutation: You are very clumsy. (Dex -4) [potion of
                  | mutation]
  1799 | D:2      | Gained mutation: You are strong-willed. (Will+) [potion of
                  | mutation]
  1914 | D:2      | 1914 ||| UPGRADING to +6 ring of dexterity.
  1916 | D:2      | 1916 ||| READING scroll labelled WIQ IGGE LOACEJO.
  1917 | D:2      | 1917 ||| READING scroll labelled NEBELE IKHIPN.
  1918 | D:2      | 1918 ||| READING 2 scrolls labelled TUVATTO JIAJUU.
  1922 | D:2      | 1922 ||| READING 2 scrolls labelled HYMOLO YTTAQU.
  1923 | D:2      | 1923 ||| READING scroll labelled EGUGYSE JIAMAE.
  1924 | D:2      | 1924 ||| DRINKING 2 brown potions.
  1925 | D:2      | 1925 ||| DROPPING potion of invisibility.
  1926 | D:2      | 1926 ||| DROPPING scroll of poison.
  1927 | D:2      | 1927 ||| READING scroll of teleportation.
  1946 | D:3      | 1946 ||| Stepping ~*~*~tactically~*~*~ (stealth).
  1984 | D:3      | 1984 ||| Stepping ~*~*~tactically~*~*~ (stealth).
  1986 | D:3      | 1986 ||| Stepping ~*~*~tactically~*~*~ (stealth).
  2042 | D:3      | Reached skill level 5 in Unarmed Combat
  2042 | D:3      | Reached XP level 4. HP: 42/44 MP: 4/4
  2194 | D:3      | 2194 ||| Stepping ~*~*~tactically~*~*~ (stealth).
  2196 | D:3      | 2196 ||| Stepping ~*~*~tactically~*~*~ (stealth).
  2199 | D:3      | Found a sparkling altar of Nemelex Xobeh.
  2221 | D:3      | Noticed Grinder
  2222 | D:3      | 2222 ||| Stepping ~*~*~tactically~*~*~ (hiding).
  2224 | D:3      | 2224 ||| Stepping ~*~*~tactically~*~*~ (hiding).
  2235 | D:3      | Killed Grinder
  2236 | D:3      | Reached skill level 6 in Unarmed Combat
  2236 | D:3      | Reached XP level 5. HP: 50/50 MP: 5/5
  2236 | D:3      | Reached XP level 6. HP: 59/59 MP: 6/6
  2291 | D:3      | Found a glowing silver altar of Zin.
  2515 | D:3      | Identified the +1 pair of boots "Laamarer" {rPois rCorr
                  | Int+2 Dex+3}
  2520 | D:3      | Found a hide-covered altar of Uskayaw.
  2574 | D:3      | 2574 ||| READING scroll labelled ASIBAN HIAGG.
  2575 | D:3      | 2575 ||| READING scroll labelled PITWOTT RAETO.
  2585 | D:3      | 2585 ||| Stepping ~*~*~tactically~*~*~ (stealth).
  2613 | D:3      | 2613 ||| READING scroll labelled KONIXKAUNA.
  2615 | D:3      | 2615 ||| DRINKING 4 silvery potions.
  2616 | D:3      | 2616 ||| READING 3 scrolls of identify.
  2616 | D:3      | 2616 ||| IDENTIFYING fizzy grey potion
  2617 | D:3      | 2617 ||| READING 2 scrolls of identify.
  2617 | D:3      | 2617 ||| IDENTIFYING bubbling pink potion
  2618 | D:3      | 2618 ||| DROPPING potion of lignification.
  2619 | D:3      | 2619 ||| DROPPING potion of magic.
  2620 | D:3      | 2620 ||| DROPPING 3 potions of brilliance.
  2745 | D:4      | 2745 ||| INVOKING Fiery Armour.
  2750 | D:4      | Reached skill level 1 in Dodging
  2764 | D:4      | Identified the +3 leather armour of Atwadiur {rC+ Regen+}
  2774 | D:4      | Found Piojaf's Antique Armour Shoppe.
  2777 | D:4      | 2777 ||| SHOPLISTING cloak (135 gold, have 123).
  2777 | D:4      | 2777 ||| BUYING runed robe (111 gold).
  2777 | D:4      | Bought a runed robe for 111 gold pieces
  2802 | D:4      | Reached skill level 7 in Unarmed Combat
  2838 | D:4      | Noticed Natasha
  2840 | D:4      | 2840 ||| Stepping ~*~*~tactically~*~*~ (hiding).
  2849 | D:4      | Killed Natasha
  2924 | D:4      | Noticed Natasha
  2930 | D:4      | Killed Natasha
  2989 | D:4      | Found a shimmering blue altar of Sif Muna.
  3006 | D:4      | Reached XP level 7. HP: 58/66 MP: 7/7
  3007 | D:4      | 3007 ||| FLEEEEING.
  3008 | D:4      | 3008 ||| FLEEEEING.
  3009 | D:4      | 3009 ||| FLEEEEING.
  3018 | D:4      | Reached skill level 8 in Unarmed Combat
  3134 | D:4      | Noticed Natasha
  3135 | D:4      | 3135 ||| Stepping ~*~*~tactically~*~*~ (stealth).
  3137 | D:4      | 3137 ||| Stepping ~*~*~tactically~*~*~ (hiding).
  3145 | D:4      | Killed Natasha
  3146 | D:4      | Reached skill level 3 in Fighting
  3192 | D:4      | 3192 ||| UPGRADING to +2 robe of positive energy.
  3202 | D:4      | 3202 ||| DROPPING +0 robe.
  3203 | D:4      | 3203 ||| DRINKING 2 fizzy puce potions.
  3204 | D:4      | 3204 ||| DRINKING 2 grey potions.
  3234 | D:5      | Entered Level 5 of the Dungeon
  3250 | D:5      | Found a radiant altar of Vehumet.
  3292 | D:5      | 3292 ||| Stepping ~*~*~tactically~*~*~ (stealth).
  3293 | D:5      | 3293 ||| INVOKING Fiery Armour.
  3294 | D:5      | 3294 ||| Stepping ~*~*~tactically~*~*~ (outnumbered).
  3296 | D:5      | Noticed a troll
  3299 | D:5      | 3299 ||| Stepping ~*~*~tactically~*~*~ (outnumbered).
  3304 | D:5      | 3304 ||| Stepping ~*~*~tactically~*~*~ (outnumbered).
  3307 | D:5      | 3307 ||| Stepping ~*~*~tactically~*~*~ (outnumbered).
  3310 | D:5      | 3310 ||| Stepping ~*~*~tactically~*~*~ (outnumbered).
  3311 | D:5      | Killed a troll
  3312 | D:5      | Reached skill level 9 in Unarmed Combat
  3363 | D:5      | 3363 ||| FLEEEEING.
  3364 | D:5      | 3364 ||| FLEEEEING.
  3365 | D:5      | 3365 ||| Stepping ~*~*~tactically~*~*~ (hiding).
  3366 | D:5      | 3366 ||| Stepping ~*~*~tactically~*~*~ (hiding).
  3427 | D:5      | Found a sacrificial altar of Ru.
  3503 | D:5      | Reached skill level 1 in Throwing
  3678 | D:5      | Reached XP level 8. HP: 75/75 MP: 8/8
  3788 | D:5      | Found a staircase to the Ecumenical Temple.
  4098 | D:5      | 4098 ||| UPGRADING to +0 troll leather armour.
  4108 | D:5      | 4108 ||| DROPPING +2 robe of positive energy.
  4222 | D:6      | Found a shimmering altar of Xom.
  4231 | D:6      | 4231 ||| Stepping ~*~*~tactically~*~*~ (stealth).
  4238 | D:6      | 4238 ||| Stepping ~*~*~tactically~*~*~ (stealth).
  4240 | D:6      | 4240 ||| Stepping ~*~*~tactically~*~*~ (stealth).
  4244 | D:6      | Reached skill level 10 in Unarmed Combat
  4281 | D:6      | 4281 ||| Stepping ~*~*~tactically~*~*~ (hiding).
  4288 | D:6      | Reached skill level 1 in Armour
  4408 | D:6      | 4408 ||| Stepping ~*~*~tactically~*~*~ (stealth).
  4413 | D:6      | 4413 ||| Stepping ~*~*~tactically~*~*~ (outnumbered).
  4537 | D:6      | 4537 ||| Stepping ~*~*~tactically~*~*~ (hiding).
  4559 | D:6      | Noticed Sigmund
  4560 | D:6      | 4560 ||| Stepping ~*~*~tactically~*~*~ (hiding).
  4567 | D:6      | Killed Sigmund
  4568 | D:6      | Reached skill level 11 in Unarmed Combat
  4568 | D:6      | Reached XP level 9. HP: 82/84 MP: 9/9
  4570 | D:6      | 4570 ||| Stepping ~*~*~tactically~*~*~ (stealth).
  4571 | D:6      | 4571 ||| Stepping ~*~*~tactically~*~*~ (stealth).
  4809 | D:6      | 4809 ||| READING scroll labelled ZIROCL ZIQU.
  4819 | D:7      | 4819 ||| Stepping ~*~*~tactically~*~*~ (outnumbered).
  4820 | D:7      | 4820 ||| STAIRDANCE
  4822 | D:6      | 4822 ||| Stepping ~*~*~tactically~*~*~ (outnumbered).
  4823 | D:6      | 4823 ||| Stepping ~*~*~tactically~*~*~ (outnumbered).
  4824 | D:6      | 4824 ||| Stepping ~*~*~tactically~*~*~ (outnumbered).
  4825 | D:6      | 4825 ||| Stepping ~*~*~tactically~*~*~ (outnumbered).
  4837 | D:7      | 4837 ||| STAIRDANCE
  4895 | D:7      | Noticed Menkaure
  4898 | D:7      | 4898 ||| INVOKING Fiery Armour.
  4907 | D:7      | 4907 ||| Stepping ~*~*~tactically~*~*~ (outnumbered).
  4908 | D:7      | 4908 ||| Stepping ~*~*~tactically~*~*~ (outnumbered).
  4909 | D:7      | 4909 ||| Stepping ~*~*~tactically~*~*~ (outnumbered).
  4920 | D:7      | 4920 ||| Stepping ~*~*~tactically~*~*~ (outnumbered).
  4922 | D:7      | Killed Menkaure
  5034 | D:7      | 5034 ||| Stepping ~*~*~tactically~*~*~ (hiding).
  5039 | D:7      | Reached skill level 12 in Unarmed Combat
  5040 | D:7      | 5040 ||| Stepping ~*~*~tactically~*~*~ (outnumbered).
  5041 | D:7      | 5041 ||| Stepping ~*~*~tactically~*~*~ (outnumbered).
  5359 | D:7      | 5359 ||| Stepping ~*~*~tactically~*~*~ (hiding).
  5520 | D:8      | Reached skill level 3 in Throwing
  5549 | D:8      | 5549 ||| Stepping ~*~*~tactically~*~*~ (stealth).
  5551 | D:8      | 5551 ||| Stepping ~*~*~tactically~*~*~ (stealth).
  5565 | D:8      | Reached XP level 10. HP: 95/96 MP: 10/10
  5602 | D:8      | 5602 ||| Stepping ~*~*~tactically~*~*~ (stealth).
  5603 | D:8      | 5603 ||| Stepping ~*~*~tactically~*~*~ (stealth).
  5607 | D:8      | 5607 ||| Stepping ~*~*~tactically~*~*~ (stealth).
  5609 | D:8      | 5609 ||| Stepping ~*~*~tactically~*~*~ (outnumbered).
  5613 | D:8      | 5613 ||| INVOKING Fiery Armour.
  5815 | D:8      | 5815 ||| Stepping ~*~*~tactically~*~*~ (hiding).
  5904 | D:8      | Reached skill level 13 in Unarmed Combat
  5942 | D:8      | 5942 ||| Stepping ~*~*~tactically~*~*~ (outnumbered).
  6158 | D:8      | 6158 ||| Stepping ~*~*~tactically~*~*~ (stealth).
  6325 | D:8      | 6325 ||| DROPPING ring of willpower.
  6326 | D:8      | 6326 ||| READING scroll labelled KAOMEPAMPE.
  6344 | D:8      | 6344 ||| READING 5 scrolls of identify.
  6344 | D:8      | 6344 ||| IDENTIFYING murky emerald potion
  6345 | D:8      | 6345 ||| READING 4 scrolls of identify.
  6345 | D:8      | 6345 ||| IDENTIFYING orange potion
  6346 | D:8      | 6346 ||| READING 3 scrolls of identify.
  6346 | D:8      | 6346 ||| IDENTIFYING coppery potion
  6347 | D:8      | 6347 ||| READING 2 scrolls of identify.
  6347 | D:8      | 6347 ||| IDENTIFYING lumpy grey potion
  6348 | D:8      | 6348 ||| DROPPING potion of degeneration.
  6349 | D:8      | 6349 ||| DROPPING potion of flight.
  6350 | D:8      | 6350 ||| DROPPING potion of attraction.
  6405 | D:9      | 6405 ||| Stepping ~*~*~tactically~*~*~ (outnumbered).
  6459 | D:9      | 6459 ||| FLEEEEING.
  6460 | D:9      | 6460 ||| FLEEEEING.
  6461 | D:9      | 6461 ||| FLEEEEING.
  6462 | D:9      | 6462 ||| FLEEEEING.
  6463 | D:9      | 6463 ||| FLEEEEING.
  6464 | D:9      | 6464 ||| FLEEEEING.
  6465 | D:9      | 6465 ||| FLEEEEING.
  6466 | D:9      | 6466 ||| FLEEEEING.
  6467 | D:9      | 6467 ||| FLEEEEING.
  6468 | D:9      | 6468 ||| FLEEEEING.
  6469 | D:9      | 6469 ||| FLEEEEING.
  6470 | D:9      | 6470 ||| FLEEEEING.
  6471 | D:9      | 6471 ||| FLEEEEING.
  6472 | D:9      | 6472 ||| FLEEEEING.
  6473 | D:9      | 6473 ||| FLEEEEING.
  6474 | D:9      | 6474 ||| FLEEEEING.
  6476 | D:9      | 6476 ||| FLEEEEING.
  6477 | D:9      | 6477 ||| FLEEEEING.
  6478 | D:9      | 6478 ||| FLEEEEING.
  6493 | D:9      | 6493 ||| Stepping ~*~*~tactically~*~*~ (stealth).
  6495 | D:9      | 6495 ||| Stepping ~*~*~tactically~*~*~ (hiding).
  6685 | D:9      | 6685 ||| Stepping ~*~*~tactically~*~*~ (stealth).
  6693 | D:9      | 6693 ||| Stepping ~*~*~tactically~*~*~ (stealth).
  6707 | D:9      | Reached skill level 14 in Unarmed Combat
  6720 | D:9      | Found an iron altar of Okawaru.
  6768 | D:9      | 6768 ||| Stepping ~*~*~tactically~*~*~ (stealth).
  6769 | D:9      | 6769 ||| Stepping ~*~*~tactically~*~*~ (stealth).
  6778 | D:9      | 6778 ||| FLEEEEING.
  6821 | D:9      | Noticed a sixfirhy
  6822 | D:9      | 6822 ||| Stepping ~*~*~tactically~*~*~ (hiding).
  6824 | D:9      | 6824 ||| Stepping ~*~*~tactically~*~*~ (hiding).
  6829 | D:9      | 6829 ||| INVOKING Fiery Armour.
  6829 | D:9      | HP: 15/98 [sixfirhy (12)]
  6829 | D:9      | HP: 2/98 [sixfirhy (11)]
  6829 | D:9      | Mangled by a sixfirhy

Levels and vault maps discovered:
D:1:      lightli_arrival_lavapool, layout_loops_corners,
          roderic_serpentine_path, minmay_shallow_snake_nest
D:2:      layout_loops_corners
D:3:      layout_loops_cross, mainiacjoe_overflow_concentric_impassable,
          lemuel_doored_altar, general_overflow_altar, uniq_grinder
D:4:      layout_basic, mainiacjoe_overflow_surrounded_room, serial_shops,
          kennysheep_mini_moat, kennysheep_pointless_box,
          minmay_a_box_with_orc_wizards_in_it, uniq_natasha
D:5:      layout_basic, nicolae_ru_awakened_eye, nicolae_vehumet_altar_sigil,
          lemuel_temple_firewalk_b
D:6:      layout_loops_ring, brannock_xom_greatest_gift, uniq_sigmund
D:7:      layout_basic, kennysheep_minor_cross, kennysheep_generic_room_9,
          uniq_menkaure
D:8:      layout_loops_ring
D:9:      layout_basic, mainiacjoe_overflow_chevrons, okawaru_humans,
          trog_ov_bears_minmay, serial_demonic, serial_demonic_a,
          serial_demonic_a, serial_demonic_e, serial_demonic_b,
          serial_demonic_b, serial_demonic_b

Skill      XL: |  1  2  3  4  5  6  7  8  9 10 |
---------------+-------------------------------+-----
Unarmed Combat | 4 5 6 7 9 11 12 14 | 14.0
Dodging        | 1 2 |  2.0
Fighting       | 3 4 5 |  5.8
Throwing       | 1 3 |  3.1
Armour         | 1 |  1.7
Spellcasting   | |  1.0
Fire Magic     | |  2.1

Action                   |  1- 3 |  4- 6 |  7- 9 | 10-12 || total
-------------------------+-------+-------+-------+-------++-------
Melee: Unarmed           |   100 |    66 |   203 |   100 ||   469
       Punch             |       |     1 |    11 |     3 ||    15
Throw: Boomerang         |       |       |    33 |     9 ||    42
       Javelin           |       |       |     6 |    22 ||    28
Invok: Fiery Armour      |       |     1 |     2 |     2 ||     5
  Use: Scroll            |     7 |     5 |     1 |     5 ||    18
       Potion            |     4 |     1 |     2 |       ||     7
Armor: Robe              |    21 |    19 |    22 |       ||    62
       Troll leather arm |       |       |    38 |    22 ||    60
Dodge: Dodged            |    31 |    26 |    64 |    36 ||   157

Table legend:
 A = Non-vault XP
 B = Vault XP
 C = Vault XP percentage of total XP
 D = Non-vault monster count
 E = Vault monster count
 F = Vault count percentage of total count
                 A         B        C        D         E       F
            +---------+---------+-------+---------+---------+-------
      Total |    6988 |    1745 |  20.0 |     196 |      15 |   7.1
            +---------+---------+-------+---------+---------+-------
        D:1 |      37 |       4 |   9.8 |      24 |       2 |   7.7
        D:2 |      42 |       0 |   0.0 |      15 |       0 |   0.0
        D:3 |      66 |     277 |  80.8 |      17 |       1 |   5.6
        D:4 |     314 |     156 |  33.2 |      19 |       5 |  20.8
        D:5 |     641 |       0 |   0.0 |      16 |       0 |   0.0
        D:6 |    1226 |     226 |  15.6 |      33 |       1 |   2.9
        D:7 |    1218 |     340 |  21.8 |      24 |       3 |  11.1
        D:8 |    2199 |       0 |   0.0 |      30 |       0 |   0.0
        D:9 |    1245 |     742 |  37.3 |      18 |       3 |  14.3
            +---------+---------+-------+---------+---------+-------
